 Dungeon Crawl Stone Soup version 0.18-a0-1443-ge8f1551 (console) character file.

85 Liam the Conjurer (level 4, 0/24 HPs)
             Began as a Deep Elf Conjurer on Feb 29, 2016.
             Shot with an arrow by a centaur (3 damage)
             ... on level 3 of the Dungeon.
             The game lasted 00:02:43 (1848 turns).

Liam the Conjurer (Deep Elf Conjurer)               Turns: 1848, Time: 00:02:45

Health: 0/24       AC:  7    Str:  5    XL:     4   Next: 25%
Magic:  8/13       EV: 13    Int: 21    God:
Gold:   157        SH:  0    Dex: 15    Spells: 1 memorised, 12 levels left

rFire  . . .     SeeInvis .     a - +0 dagger (protect)
rCold  . . .     Gourm    .     t - +0 robe (curse)
rNeg   . . .     Faith    .     (no shield)
rPois  .         Spirit   .     (no helmet)
rElec  .         Dismiss  .     (no cloak)
rCorr  .         Reflect  .     (no gloves)
SustAt .         Harm     .     (no boots)
MR     .....                    (no amulet)
Stlth  ++........               r - ring of wizardry
                                (no ring)

@: not resistant to hostile enchantments, unstealthy
A: no striking features
a: no special abilities


You were on level 3 of the Dungeon.
You were not hungry.

You visited 1 branch of the dungeon, and saw 3 of its levels.

You collected 157 gold pieces.

Inventory:

Hand Weapons
 a - a +0 dagger of protection (weapon)
Armour
 t - a cursed +0 robe (worn)
Jewellery
 p - an uncursed ring of ice
 r - a ring of wizardry (right hand)
Scrolls
 d - a scroll of enchant weapon {unknown}
 g - a scroll of random uselessness {unknown}
 h - 2 scrolls of fear {unknown}
 i - a scroll of blinking {unknown}
 j - a scroll of teleportation {unknown}
 k - a scroll of immolation {unknown}
 l - a scroll of magic mapping {unknown}
 o - a scroll of noise {unknown}
 q - a scroll of enchant armour {unknown}
Potions
 e - a potion of curing {unknown}
 f - a potion of might {unknown}
 m - a potion of heal wounds
Books
 b - a book of Conjurations

   Spells                             Type                      Level
   a - Magic Dart                     Conjuration                  1
   b - Searing Ray                    Conjuration                  2
   c - Dazzling Spray                 Conjuration/Hexes            3
   d - Fulminant Prism                Conjuration/Hexes            4
   e - Iskenderun's Mystic Blast      Conjuration                  4
   f - Iskenderun's Battlesphere      Conjuration/Charms           5
Comestibles
 c - 3 bread rations
 n - 4 fruits
 s - a slice of pizza
 u - a chunk of flesh


   Skills:
 - Level 2.4 Dodging
 - Level 2.4 Stealth
 + Level 5.0 Spellcasting
 + Level 5.3 Conjurations


You had 12 spell levels left.
You knew the following spells:

 Your Spells              Type           Power        Failure   Level  Hunger
a - Magic Dart            Conj           ####         1%          1    None


Dungeon Overview and Level Annotations

Branches:
Dungeon (3/15)

Altars:
Fedhas
Zin


Message History

Confirm with . or Enter, or press ? or * to list all spells.
Aiming: Magic Dart
Press: ? - help, Shift-Dir - straight line, f - centaur
Aim: a centaur (resting)
The magic dart hits the centaur.
The centaur is lightly wounded.
The centaur shouts!
The centaur wields a glowing shortbow.
It bursts into flame!
The centaur shoots an arrow.
The arrow hits you!
Ouch! That really hurt!
The arrow burns you.
* * * LOW HITPOINT WARNING * * *
Drink which item? (? for menu, Esc to quit)
It was a potion of heal wounds.
You feel much better.
The centaur shoots an arrow.
The arrow hits you!
Ouch! That really hurt!
The arrow burns you.
* * * LOW HITPOINT WARNING * * *
The centaur shoots an arrow.
The arrow hits you.
You die...

.... .## #.!.... #..#..#
##..#.. c.... ... ## ## #.#
#. .# #@# #. .# #.#
#.###.#### #.#
#........####.## #####
#..#...........###...####
#..<.....####..##.......####
#.....######...##.#.#.#....#
####.## #.....#........#.#
#####.#######....#.#.#.#.##.#


You could see a centaur.

Vanquished Creatures
  A worker ant (D:3)
  A gnoll (D:1)
  An adder (D:3)
  An ooze (D:1)
  3 dart slugs (D:2)
  A giant gecko (D:1)
  2 giant cockroaches (D:2)
  3 hobgoblins (D:1)
  4 jackals (D:2)
  A quokka (D:2)
  3 bats
  A giant newt (D:3)
  3 goblins
  6 kobolds (D:1)
  2 rats
33 creatures vanquished.

Notes
Turn   | Place    | Note
--------------------------------------------------------------
     0 | D:1      | Liam the Deep Elf Conjurer began the quest for the Orb.
     0 | D:1      | Reached XP level 1. HP: 10/10 MP: 6/6
   352 | D:1      | Reached XP level 2. HP: 15/15 MP: 2/8
   656 | D:1      | Reached XP level 3. HP: 19/19 MP: 7/10
  1003 | D:2      | Found a blossoming altar of Fedhas.
  1030 | D:2      | Reached skill level 5 in Conjurations
  1146 | D:2      | Found a glowing silver altar of Zin.
  1796 | D:3      | Reached XP level 4. HP: 24/24 MP: 5/12
  1836 | D:3      | Reached skill level 5 in Spellcasting
  1846 | D:3      | Noticed a centaur
  1848 | D:3      | Shot with an arrow by a centaur

Vault maps used:
D:1:      dpeg_arrival_stone_temple_mockup, grunt_decor_fettered
D:2:      lemuel_crystal_altar, nicolae_overflow_crystal_walls
D:3:      serial_glass, glass_columns_a, glass_columns_b

Skill      XL: |  1  2  3  4 |
---------------+-------------+-----
Spellcasting   | 4 5 |  5.0
Conjurations   | 5 |  5.3
Dodging        | |  2.4
Stealth        | |  2.4

Action                   |  1- 3 |  4- 6 || total
-------------------------+-------+-------++-------
Melee: Unarmed           |     1 |       ||     1
 Cast: Magic Dart        |    73 |     5 ||    78
  Use: Potion            |       |     1 ||     1
  Eat: Chunk             |     1 |     2 ||     3
